 Dungeon Crawl Stone Soup version 0.22-a0-271-gc000056 (webtiles) character file.

72 tilp the Chiller (level 4, 0/45 HPs)
             Began as a Merfolk Ice Elementalist on Mar 11, 2018.
             Succumbed to a scorpion's poison
             ... on level 3 of the Dungeon.
             The game lasted 00:07:01 (1970 turns).

tilp the Chiller (Merfolk Ice Elementalist)         Turns: 1970, Time: 00:07:02

Health: 0/45       AC: 27    Str:  8    XL:     4   Next: 25%
Magic:  1/7        EV:  2    Int: 15    God:
Gold:   50         SH:  0    Dex: 19    Spells: 1/7 levels left

rFire    . . .     SeeInvis .   k - +0 dagger
rCold    . . .     Gourm    .   (no shield)
rNeg     + + +     Faith    .   (armour currently unavailable)
rPois    +         Spirit   .   (helmet currently unavailable)
rElec    .         Reflect  .   (cloak currently unavailable)
rCorr    .         Harm     .   (gloves currently unavailable)
MR       .....     NoTele   +   (boots currently unavailable)
Stlth    +++.......             (no amulet)
HPRegen  0.15/turn              (no ring)
MPRegen  0.10/turn              (no ring)

@: agile, lethally poisoned (0 -> -7), icy armour, tree-form, hasted, very quick
A: (change form in water), (swift swim), (stealthy swim)
a: no special abilities


You were on level 3 of the Dungeon.
You were not hungry.
You were a tree.
You visited 1 branch of the dungeon, and saw 3 of its levels.

You collected 50 gold pieces.

Inventory:

Hand Weapons
 j - a +0 hand axe
 k - a +0 dagger (weapon)
Missiles
 b - 12 sling bullets
Armour
 a - a +0 robe (melded)
 e - a +0 cloak (melded)
 r - a +0 helmet (melded)
Jewellery
 g - an uncursed amulet of magic regeneration {unknown}
 t - an uncursed ring of resist corrosion {unknown}
Scrolls
 d - a scroll of magic mapping {unknown}
 h - a scroll of enchant armour {unknown}
 m - 3 scrolls of fog {unknown}
 n - 2 scrolls of remove curse {unknown}
 p - 3 scrolls of identify {unknown}
Potions
 f - a potion of lignification
 l - a potion of mutation {unknown}
 o - a potion of flight
 s - a potion of haste
Comestibles
 c - a ration
 u - a chunk of flesh


   Skills:
 - Level 2.6 Dodging
 - Level 2.1 Stealth
 - Level 2.0 Spellcasting
 - Level 0.7 Conjurations
 + Level 5.4 Ice Magic


You had one spell level left.
You knew the following spells:

 Your Spells              Type           Power        Failure   Level  Hunger
a - Freeze                Ice            ###.         2%          1    #......
b - Throw Frost           Conj/Ice       ##....       10%         2    ###....
c - Ozocubu's Armour      Chrm/Ice       #.......     22%         3    ###....


Dungeon Overview and Level Annotations

Branches:
Dungeon (3/15)

Altars:
Elyvilon
Trog


Message History

You feel sick.
The scorpion stings you but does no damage.
It was a potion of flight.
Your roots keep you in place.
* * * LOW HITPOINT WARNING * * *
You feel sick.
The scorpion stings you but does no damage.
It was a potion of haste.
You feel yourself speed up.
* * * LOW HITPOINT WARNING * * *
You feel sick. The scorpion completely misses you.
You hit the scorpion.
The scorpion is almost dead.
* * * LOW HITPOINT WARNING * * *
You feel sick.
The scorpion stings you but does no damage.
You hit the scorpion but do no damage.
The scorpion is almost dead.
The scorpion stings you but does no damage.
It was a potion of agility.
You feel agile all of a sudden.
You die...

#. ..%.
########...
.......w##
........(####..
...............
.........# .
#+####..(####...
........s....#
<.....##♣....#
......#.†.....#
......#...#...#
..... #...#...#
..... #...# ..#
#+## #.(.# ##
#####


You could see a worm and a scorpion.

Vanquished Creatures
  4 adders (D:2)
  A dart slug (D:2)
  An orc (D:2)
  2 goblins
  7 hobgoblins
  3 jackals (D:1)
  4 kobolds
  A ball python (D:1)
  4 bats
  3 frilled lizards
  3 rats
33 creatures vanquished.

Notes
Turn   | Place    | Note
-------+----------+-------------------------------------------
     0 | D:1      | tilp the Merfolk Ice Elementalist began the quest for the Orb.
     0 | D:1      | Reached XP level 1. HP: 13/13 MP: 3/3
   357 | D:1      | Reached XP level 2. HP: 19/19 MP: 1/5
   477 | D:1      | Reached skill level 4 in Ice Magic
   666 | D:1      | Learned a level 2 spell: Throw Frost
   672 | D:2      | Found a bloodstained altar of Trog.
   996 | D:2      | Reached XP level 3. HP: 24/24 MP: 1/6
  1001 | D:2      | Learned a level 3 spell: Ozocubu's Armour
  1179 | D:2      | Found a white marble altar of Elyvilon.
  1424 | D:2      | Reached skill level 5 in Ice Magic
  1615 | D:2      | Reached XP level 4. HP: 30/30 MP: 2/7
  1967 | D:3      | HP: 2/45 [poisoned by a scorpion]
  1970 | D:3      | Succumbed to a scorpion's poison

Vault maps used:
D:1:      dpeg_arrival_tiny_j, hex_large, grunt_decor_one_mirror,
          minmay_misc_feat_cross
D:2:      lemuel_upstairs_altar, bloody_trog, elyvilon_altar_4
D:3:      kb_forest_paths

Skill      XL: |  1  2  3 |
---------------+----------+-----
Ice Magic      | 4 5 |  5.4
Dodging        | |  2.6
Stealth        | |  2.1
Spellcasting   | |  2.0
Conjurations   | |  0.7

Action                   |  1- 3 |  4- 6 || total
-------------------------+-------+-------++-------
Melee: Unarmed           |     1 |       ||     1
       Dagger            |    17 |     6 ||    23
Throw: Tomahawk          |    10 |     2 ||    12
 Cast: Freeze            |    29 |    11 ||    40
       Throw Frost       |    11 |     1 ||    12
       Ozocubu's Armour  |       |     2 ||     2
  Use: Potion            |       |     4 ||     4
 Stab: Sleeping          |     2 |       ||     2
  Eat: Chunk             |     2 |     1 ||     3
       Ration            |       |     1 ||     1
Armor: Robe              |     5 |     3 ||     8
       Skin              |       |     5 ||     5
Dodge: Dodged            |    20 |     8 ||    28

Table legend:
 A = Spawn XP
 B = Non-spawn XP
 C = Spawn XP percentage of total XP
 D = Spawn monster count
 E = Non-spawn monster count
 F = Spawn count percentage of total count
 G = Total turns spent on level
                    A         B        C        D         E        F      G
               +---------+---------+-------+---------+---------+-------+---------
         Total |       0 |     103 |   0.0 |       0 |      33 |   0.0 |  1970
               +---------+---------+-------+---------+---------+-------+---------
           D:1 |       0 |      18 |   0.0 |       0 |      12 |   0.0 |   672
           D:2 |       0 |      80 |   0.0 |       0 |      18 |   0.0 |  1245
           D:3 |       0 |       5 |   0.0 |       0 |       3 |   0.0 |    53
               +---------+---------+-------+---------+---------+-------+---------
